[Event "German Masters Women 2018"]
[Site "Dresden"]
[Date "2018.08.12"]
[Round "9.2"]
[White "Osmanodja, Filiz"]
[Black "Lubbe, Melanie"]
[Result "1-0"]
[ECO "B76"]
[WhiteElo "2350"]
[BlackElo "2338"]
[Annotator "NA"]
[PlyCount "77"]
[EventDate "2018.08.04"]
[EventType "tourn"]
[EventCountry "GER"]
[SourceTitle "playchess.com"]
[Source "ChessBase"]
[SourceQuality "1"]
[TimeControl "40/5400+30:1800+30"]

1. e4 c5 2. Nf3 Nc6 3. d4 cxd4 4. Nxd4 g6 5. Nc3 Bg7 6. Be3 Nf6 7. Bc4 O-O 8. Bb3 d6 9. f3 Bd7 10. h4 Nxd4 11. Bxd4 b5 12. h5 a5 13. hxg6 hxg6 14. Nd5 Nxd5 15. Bxd5 Rc8 16. Bxg7 Kxg7 17. Qd4+ e5 18. Qd2 Qc7 19. Qh6+ Kf6 20. f4 exf4 21. Qxf4+ Kg7 22. Qh6+ Kf6 23. Qh4+ Kg7 24. Qh7+ Kf6 25. O-O+ Kg5 26. Bxf7 Qa7+ 27. Rf2 Bf5 28. exf5 Qxf7 29. Qh2 gxf5 30. Qg3+ Kh5 31. Rd1 Rc4 32. Rxd6 Rh4 33. Qf3+ Rg4 34. Qh3+ Rh4 35. g4+ Kg5 36. Qe3+ f4 37. Qe5+ Kxg4 38. Rg2+ Kh3 39. Rd3+ 1-0

[Event "German Masters Women 2018"]
[Site "Dresden"]
[Date "2018.08.12"]
[Round "9.3"]
[White "Schneider, Jana"]
[Black "Klek, Hanna Marie"]
[Result "1/2-1/2"]
[ECO "C54"]
[WhiteElo "2179"]
[BlackElo "2268"]
[Annotator "RC"]
[PlyCount "111"]
[EventDate "2018.08.04"]
[EventType "tourn"]
[EventCountry "GER"]
[SourceTitle "playchess.com"]
[Source "ChessBase"]
[SourceQuality "1"]
[TimeControl "40/5400+30:1800+30"]

1. e4 e5 2. Nf3 Nc6 3. Bc4 Bc5 4. d3 Nf6 5. O-O d6 6. c3 a5 7. a4 h6 8. Na3 O-O 9. Re1 Ne7 10. Nc2 Ng6 11. Be3 Bxe3 12. Nxe3 c6 13. Ba2 Re8 14. Qc2 Be6 15. Bxe6 Rxe6 16. Rad1 Qc7 17. g3 Rd8 18. h4 Nf8 19. Nd2 d5 20. exd5 Nxd5 21. Nf3 Qe7 22. Nc4 Ng6 23. h5 Nf8 24. Ncxe5 Nf6 25. d4 Nxh5 26. c4 Qc7 27. Kg2 Ng6 28. Nd3 Rxe1 29. Rxe1 Nf6 30. Nc5 Qc8 31. Ne4 Ne8 32. Qc1 Nd6 33. Nxd6 Rxd6 34. Qe3 Re6 35. Qd2 Rxe1 36. Qxe1 {Qd6 Qf4} Qd8 37. Qe4 Ne7 38. Ne5 Qd6 39. Nd3 b6 40. Ne5 f6 41. Ng4 h5 42. Ne3 g6 43. f4 Kf7 44. b3 Qb4 45. Qd3 Qd6 46. Qe4 Qb4 47. Qd3 Qd6 48. Kf3 Qe6 49. d5 cxd5 50. cxd5 Qd6 51. Ke2 Kf8 52. Qd4 Kf7 53. Qe4 Qd7 54. Qf3 Kg7 55. Qe4 Kf7 56. Qd4 1/2-1/2

[Event "German Masters Women 2018"]
[Site "Dresden"]
[Date "2018.08.12"]
[Round "9.4"]
[White "Sieber, Fiona"]
[Black "Hoolt, Sarah"]
[Result "0-1"]
[ECO "C11"]
[WhiteElo "2290"]
[BlackElo "2357"]
[Annotator "NA"]
[PlyCount "90"]
[EventDate "2018.08.04"]
[EventType "tourn"]
[EventCountry "GER"]
[SourceTitle "playchess.com"]
[Source "ChessBase"]
[SourceQuality "1"]
[TimeControl "40/5400+30:1800+30"]

1. e4 e6 2. d4 d5 3. Nc3 Nf6 4. e5 Nfd7 5. f4 c5 6. Nf3 Nc6 7. Be3 Be7 8. Qd2 O-O 9. dxc5 Qa5 10. O-O-O b6 11. Bb5 Nb4 12. a3 bxc5 13. Kb1 Rb8 14. axb4 cxb4 15. Nxd5 exd5 16. Bxd7 Bxd7 17. Qxd5 Qxd5 18. Rxd5 Bc6 19. Ra5 Rfc8 20. Nd2 Bxg2 21. Rg1 Bh3 22. Nb3 Bf5 23. Rg2 Rc4 24. Re2 Rd8 25. Rxa7 Bf8 26. Rb7 g6 27. Nc1 Rxc2 28. Rxc2 Rc8 29. Ka2 Bxc2 30. Nb3 Be4 31. Rb5 Bd3 32. Ra5 Bc4 33. Bb6 Be6 34. Ra7 Bc5 35. Bxc5 Rxc5 36. Ra4 Rb5 37. Ra6 Bc4 38. Ra8+ Kg7 39. h3 Kh6 40. Ra7 Kh5 41. Ra8 Kh4 42. Ra6 h5 43. Rd6 Ra5+ 44. Kb1 Bxb3 45. Rd4 Rd5 0-1